 Dungeon Crawl Stone Soup version 0.26-a0-21-gf97e55dc39 (webtiles) character file.

Game seed: 3707909651601135376, levelgen mode: deterministic

133790 Cleanse the Brawler (level 16, -5/181 HPs)
             Began as a Troll Monk on May 26, 2020.
             Was a Follower of Uskayaw.
             Killed from afar by a merfolk aquamancer (18 damage)
             ... with a torrent of water
             ... on level 4 of the Shoals.
             The game lasted 02:02:34 (32382 turns).

Cleanse the Brawler (Troll Monk)                   Turns: 32382, Time: 02:02:37

Health: -5/181     AC: 17    Str: 26    XL:     16   Next: 60%
Magic:  15/15      EV: 30    Int:  6    God:    Uskayaw [*.....]
Gold:   2760       SH: 12    Dex: 18    Spells: 15/15 levels left

rFire    . . .     SeeInvis +     - Unarmed
rCold    . . .     Gourm    +   I - +0 kite shield
rNeg     . . .     Faith    .   y - +5 steam dragon scales
rPois    .         Spirit   .   (helmet restricted)
rElec    .         Reflect  .   (no cloak)
rCorr    .         Harm     .   (gloves unavailable)
MR       ++...                  (boots unavailable)
Stlth    ++........             d - amulet of the acrobat
HPRegen  0.80/turn              e - ring of see invisible
MPRegen  0.14/turn              N - +6 ring of dexterity

@: about to teleport, acrobat, very slow
A: large, unfitting armour, claws 3, fast metabolism 3, gourmand, magic
resistance 1, regeneration 1, robust 1, shaggy fur 2, tough skin 3, weak 1
a: Stomp, Renounce Religion


You were on level 4 of the Shoals.
You worshipped Uskayaw.
Uskayaw was noncommittal.
You were full.

You visited 4 branches of the dungeon, and saw 27 of its levels.

You collected 2760 gold pieces.

Inventory:

Armour
 y - +5 steam dragon scales (worn)
 I - a +0 kite shield (worn)
Jewellery
 a - an uncursed ring of resist corrosion
 c - a +4 ring of protection
 d - an amulet of the acrobat (around neck)
 e - a ring of see invisible (left claw)
 i - an uncursed ring of stealth
 l - a +6 ring of intelligence
 n - an uncursed ring of magical power
 v - an uncursed amulet of reflection
 E - an uncursed ring of poison resistance
 F - an uncursed ring of protection from magic
 H - an uncursed ring of protection from cold
 N - a +6 ring of dexterity (right claw)
 P - an uncursed ring of ice
 X - a +6 ring of dexterity
Wands
 m - a wand of paralysis (46)
 o - a wand of flame (58)
 w - a wand of random effects (59)
 x - a wand of polymorph (37)
 z - a wand of digging (6)
 C - a wand of disintegration (58)
 Q - a wand of iceblast (5)
Scrolls
 f - 2 scrolls of teleportation
 q - 14 scrolls of remove curse
 s - 9 scrolls of amnesia
 u - 3 scrolls of enchant weapon
 A - 12 scrolls of identify
 G - 2 scrolls of fear
 M - 2 scrolls of blinking
 R - a scroll of holy word
 T - 3 scrolls of magic mapping
Potions
 g - 2 potions of mutation
 h - 8 potions of brilliance
 j - 5 potions of heal wounds
 k - 6 potions of lignification
 p - 3 potions of curing
 r - 3 potions of resistance
 t - a potion of ambrosia
 B - 2 potions of invisibility
 D - 2 potions of flight
 J - 4 potions of might
 K - a potion of stabbing
 L - 3 potions of berserk rage {unknown}
 O - a potion of haste
 S - a potion of magic {unknown}
Comestibles
 b - 44 rations


   Skills:
 + Level 12.0 Fighting
 + Level 10.9 Armour
 - Level 8.0 Dodging
 - Level 1.0 Stealth
 + Level 9.3 Shields
 * Level 18.6 Unarmed Combat


You had 15 spell levels left.
You didn't know any spells.
Your spell library contained the following spells:

 Spells                   Type           Power        Failure   Level  Hunger
 Beastly Appendage        Tmut           #.....       45%         1    ##.....
 Corona                   Hex            #......      45%         1    ##.....
 Infusion                 Chrm           #...         45%         1    ##.....
 Sting                    Tmut/Pois      #...         45%         1    ##.....
 Poisonous Vapours        Pois/Air       #.....       58%         2    ###....
 Shroud of Golubria       Chrm/Tloc      #.....       58%         2    ###....
 Slow                     Hex            #.......     58%         2    ###....
 Song of Slaying          Chrm           #.......     58%         2    ###....
 Sticks to Snakes         Tmut           #.......     58%         2    ###....
 Sublimation of Blood     Necr           #.........   58%         2    ###....
 Conjure Flame            Conj/Fire      #.......     83%         3    ####...
 Ignite Poison            Fire/Tmut/Pois #.......     83%         3    ####...
 Inner Flame              Hex/Fire       #.......     83%         3    ####...
 Mephitic Cloud           Conj/Pois/Air  #.......     83%         3    ####...
 Ozocubu's Armour         Chrm/Ice       #.......     83%         3    ####...
 Portal Projectile        Hex/Tloc       #.....       83%         3    ####...
 Spectral Weapon          Hex/Chrm       #.......     83%         3    ####...
 Spider Form              Tmut/Pois      #.........   83%         3    ####...
 Cause Fear               Hex            #.........   99%         4    #####..
 Ice Form                 Ice/Tmut       #.......     99%         4    #####..
 Leda's Liquefaction      Hex/Erth       #.........   99%         4    #####..
 Olgreb's Toxic Radiance  Pois           #.......     99%         4    #####..
 Petrify                  Tmut/Erth      #.......     99%         4    #####..
 Alistair's Intoxication  Tmut/Pois      #.......     100%        5    ######.
 Blade Hands              Tmut           #.........   100%        5    ######.
 Irradiate                Conj/Tmut      #.........   100%        5    ######.
 Metabolic Englaciation   Hex/Ice        #.........   100%        5    ######.
 Eringya's Noxious Bog    Tmut/Pois      #.........   100%        6    #######
 Freezing Cloud           Conj/Ice/Air   #.........   100%        6    #######
 Ozocubu's Refrigeration  Ice            #.........   100%        6    #######
 Simulacrum               Ice/Necr       #.........   100%        6    #######
 Ring of Flames           Chrm/Fire      #.........   100%        7    #######
 Chain Lightning          Conj/Air       #.........   100%        8    #######
 Lehudib's Crystal Spear  Conj/Erth      #.........   100%        8    #######
 Absolute Zero            Ice            #.........   100%        9    #######
 Fire Storm               Conj/Fire      #.........   100%        9    #######


Dungeon Overview and Level Annotations

Branches:
Dungeon (15/15)            Temple (0/1) D:5            Lair (6/6) D:11
 Shoals (4/4) Lair:4        Slime (0/5) Lair:5          Orc (2/2) D:11
    Elf (0/3) Orc:2        Vaults (0/5) D:14         Depths (0/5) D:15
  Snake: Lair:2-4    Spider: Lair:2-4

Altars:
Ashenzari
Cheibriados
Dithmenos
Elyvilon
Fedhas
Nemelex Xobeh
Qazlal
Sif Muna
Uskayaw
Vehumet
Wu Jian
Xom
Yredelemnul
Zin
The Shining One
Beogh
Jiyva

Shops:
D:5 }   D:6 %   Orc:2 (*[*   Shoals:3 :

Annotations:
D:5 sewer
D:8 !hydra
D:11 pair of dumbass orcs
D:14 3 runed translucent doors, Bvern's ghost, journeyman DEWz
Lair:1 !16 fucking headed hydra
Lair:3 !HYDRA
Lair:4 HYDRA and hell, shoals
Lair:5 1 runed translucent door


Innate Abilities, Weirdness & Mutations

You are too large for most types of armour.
You have claws for hands.
Your metabolism is lightning-fast.
You like to eat raw meat.
Your natural rate of healing is unusually fast.
You are covered in thick fur. (AC +2)
You have extremely tough skin. (AC +3)
You are resistant to hostile enchantments. (MR+)
You are robust. (+10% HP)
You are weak. (Str -2)


Message History

The merfolk javelineer shouts!
The merfolk impaler shouts! x2
The merfolk javelineer throws a silver javelin.
The silver javelin completely misses you.
You hear a splash.
The merfolk javelineer throws a javelin.
The javelin completely misses you.
You hear a splash.
The merfolk aquamancer barely misses you.
As you read the scroll of teleportation, it crumbles to dust.
You feel strangely unstable. You block the merfolk impaler's attack.
The merfolk aquamancer closely misses you.
You block the sea snake's attack.
You block the merfolk aquamancer's attack.
You block the merfolk impaler's attack.
The merfolk aquamancer hits you with a +0 rapier!
* * * LOW HITPOINT WARNING * * *
The sea snake completely misses you.
The merfolk aquamancer points at you and mumbles some strange words.
The torrent of water hits you!!
You die...

...# #......# ###.≈≈≈≈≈≈≈
...# ##...#.## #..≈≈≈≈≈≈≈
....##+##..(.### #..≈≈≈≈≈≈≈
≈..........(.# ###..≈≈≈≈≈≈≈
≈≈≈.≈........#####≈...≈≈≈≈≈≈≈
≈≈.....mmmm.....≈≈≈≈≈≈≈≈≈
≈≈≈≈.....mm...≈≈≈≈≈≈≈≈≈≈≈
≈≈≈≈....≈≈≈mm≈≈≈≈≈≈≈≈≈≈≈≈
≈≈≈≈≈≈≈≈≈≈mS@≈≈≈≈≈≈≈≈≈≈≈≈
≈≈≈≈≈≈≈≈≈≈≈≈≈≈≈≈≈≈≈≈≈≈≈
≈≈≈≈≈≈≈≈≈≈≈≈≈≈≈≈≈≈≈≈≈≈≈
≈≈≈≈≈≈≈≈≈≈≈≈≈≈≈≈≈≈≈≈≈≈
≈≈≈≈≈≈≈≈≈≈≈≈≈≈≈≈≈≈≈≈
≈≈≈≈≈≈≈≈≈≈≈≈≈≈≈≈
≈≈≈≈≈≈≈≈≈≈≈≈≈≈≈≈
################


You could see 3 merfolk impalers, 2 merfolk javelineers, a sea snake, 2 merfolk
aquamancers, a merfolk and a merfolk siren.

Vanquished Creatures
  Polyphemus (Shoals:2)
  Gastronok (D:11)
  Agnes (D:15)
  Ilsuiw (Shoals:2)
  Aizul (Shoals:2)
  An ettin (Orc:2)
  3 merfolk javelineers (Shoals:4)
  3 merfolk impalers
  A rakshasa (D:11)
  3 vault guards (D:14)
  2 hydras
  A catoblepas (Shoals:2)
  4 merfolk avatars
  3 centaur warriors
  2 death knights (D:13)
  Erica (D:11)
  6 two-headed ogres
  8 death yaks
  2 ogre magi (D:14)
  4 merfolk aquamancers
  A satyr (Shoals:3)
  A vampire mage (D:15)
  5 orc high priests
  A spriggan (Lair:3)
  Sonja (Orc:1)
  A deep elf knight (D:11)
  7 skeletal warriors
  5 sea snakes
  2 unseen horrors
  A wizard (D:14)
  A deep elf archer (D:14)
  A lindwurm (Lair:5)
  A deep elf mage (D:15)
  A necromancer (D:15)
  6 harpies (Shoals:1)
  4 orc knights
  6 cyclopes
  6 manticores
  3 orc sorcerers
  A faun (Shoals:1)
  2 stone giant zombies (D:15)
  25 ugly things
  6 elephants
  3 centaur zombies
  3 merfolk sirens
  2 water nymphs (Shoals:2)
  3 black mambas
  21 spiny frogs
  Joseph (Lair:1)
  Maggie (D:6)
  A torpor snail (Lair:4)
  5 gargoyles
  A spiny frog (shapeshifter) (D:14)
  2 rime drakes
  2 freezing wraiths (D:13)
  6 komodo dragons
  2 tengu conjurers
  19 merfolk
  A queen bee (Lair:4)
  3 meliai (Lair:4)
  A hornet (Lair:3)
  10 trolls
  Grinder (D:4)
  4 tyrant leeches
  18 blink frogs
  A wind drake (Shoals:3)
  7 hippogriffs
  A spriggan zombie (D:15)
  A meliai zombie (D:13)
  9 dream sheep
  A deep troll zombie (D:15)
  3 snapping turtles
  4 water elementals
  A wraith (D:13)
  5 shadows
  26 yaks
  3 vampires
  3 wyverns
  4 basilisks
  A steam dragon (D:12)
  8 vampire mosquitoes
  2 wargs
  A soldier ant (D:12)
  2 acid dragons (D:12)
  12 water moccasins
  Edmund (D:6)
  10 porcupines
  Duvessa (D:5)
  35 orc warriors
  4 sky beasts
  An eye of draining (D:13)
  3 ice beasts
  2 black bears
  2 necrophages (D:11)
  3 phantoms
  12 ogres
  3 centaurs
  20 wolves (Lair:3)
  13 crocodiles
  4 big kobolds
  23 bullfrogs
  2 gnoll sergeants (D:9)
  4 wyvern skeletons
  3 scorpions
  Dowan (D:5)
  26 killer bees
  16 wights
  6 electric eels
  5 howler monkeys
  2 crimson imps
  3 quasits
  3 bullfrog zombies
  40 orc priests
  6 centaur skeletons
  5 hounds
  2 jellies
  45 orc wizards
  An iron imp (D:8)
  Ijyb (D:5)
  A bullfrog skeleton (D:10)
  7 iguanas
  7 worker ants
  A killer bee zombie (D:10)
  A bullfrog simulacrum (D:11)
  A hound zombie (D:11)
  A howler monkey zombie (D:6)
  2 worker ant zombies
  8 gnolls (D:9)
  16 adders
  4 shadow imps
  3 oozes
  An adder skeleton (D:10)
  2 worms
  3 dart slugs
  5 leopard geckos
  122 orcs
  4 ball pythons
  9 bats
  4 giant cockroaches
  15 hobgoblins
  14 jackals
  3 quokkas
  2 frilled lizards
  4 goblins
  13 kobolds
  A leopard gecko skeleton (D:2)
  A quokka skeleton (D:6)
  11 rats
  A butterfly (Lair:3)
917 creatures vanquished.

Vanquished Creatures (others)
  Nessos (Lair:6)
  An orc priest (Orc:2)
  2 orcs
  6 fungi
  35 plants
  A withered plant (D:15)
46 creatures vanquished.

Grand Total: 963 creatures vanquished

Notes
Turn   | Place    | Note
-------+----------+-------------------------------------------
     0 | D:1      | Cleanse the Troll Monk began the quest for the Orb.
     0 | D:1      | Reached XP level 1. HP: 22/22 MP: 0/0
   258 | D:1      | Reached XP level 2. HP: 29/29 MP: 1/1
   562 | D:1      | Reached XP level 3. HP: 36/36 MP: 2/2
  1062 | D:2      | Reached skill level 4 in Unarmed Combat
  1169 | D:2      | Reached XP level 4. HP: 40/44 MP: 3/3
  1839 | D:3      | Found a radiant altar of Vehumet.
  1848 | D:3      | Reached XP level 5. HP: 53/53 MP: 4/4
  1926 | D:3      | Found a glowing silver altar of Zin.
  1988 | D:3      | Reached skill level 5 in Unarmed Combat
  2050 | D:3      | Noticed a sky beast
  2062 | D:3      | Killed a sky beast
  2062 | D:3      | Reached XP level 6. HP: 53/61 MP: 5/5
  2354 | D:3      | Found a hide-covered altar of Uskayaw.
  2357 | D:3      | Became a worshipper of Uskayaw the Reveler
  2357 | D:3      | Reached * piety under Uskayaw
  2445 | D:4      | Reached ** piety under Uskayaw
  2507 | D:4      | Reached *** piety under Uskayaw
  2509 | D:4      | Reached **** piety under Uskayaw
  2512 | D:4      | Reached ***** piety under Uskayaw
  2555 | D:4      | Found a glowing golden altar of the Shining One.
  2566 | D:4      | Found a basalt altar of Yredelemnul.
  2615 | D:4      | Noticed Grinder
  2625 | D:4      | Killed Grinder
  2625 | D:4      | Reached skill level 6 in Unarmed Combat
  2625 | D:4      | Reached XP level 7. HP: 54/70 MP: 6/6
  2867 | D:4      | Found a stormy altar of Qazlal.
  2982 | D:4      | Noticed an angel
  2990 | D:4      | Noticed a profane servitor
  3027 | D:5      | Entered Level 5 of the Dungeon
  3050 | D:5      | Reached skill level 7 in Unarmed Combat
  3125 | D:5      | Found a glowing drain.
  3283 | D:5      | Noticed Dowan
  3286 | D:5      | Noticed Duvessa
  3295 | D:5      | Killed Dowan
  3305 | D:5      | Killed Duvessa
  3305 | D:5      | Reached XP level 8. HP: 27/79 MP: 7/7
  3535 | D:5      | Found Nacoahu's Gadget Shoppe.
  3617 | D:5      | Found a shadowy altar of Dithmenos.
  3639 | D:5      | Noticed Ijyb
  3652 | D:5      | Killed Ijyb
  3684 | D:5      | Found a staircase to the Ecumenical Temple.
  4048 | D:6      | Noticed Maggie
  4062 | D:6      | Killed Maggie
  4062 | D:6      | Reached skill level 5 in Fighting
  4062 | D:6      | Reached skill level 5 in Dodging
  4062 | D:6      | Reached skill level 8 in Unarmed Combat
  4307 | D:6      | Found Duitusel's Food Shop.
  4315 | D:6      | Gained mutation: You are weak. (Str -2) [potion of
                  | mutation]
  4315 | D:6      | Gained mutation: You are covered in thick fur. (AC +2)
                  | [potion of mutation]
  4315 | D:6      | Gained mutation: You are robust. (+10% HP) [potion of
                  | mutation]
  4315 | D:6      | Gained mutation: You are resistant to hostile enchantments.
                  | (MR+) [potion of mutation]
  4718 | D:6      | Reached skill level 1 in Armour
  4719 | D:6      | Noticed an unseen horror
  4735 | D:6      | Killed an unseen horror
  4735 | D:6      | Reached skill level 9 in Unarmed Combat
  4735 | D:6      | Reached XP level 9. HP: 79/96 MP: 8/8
  4854 | D:6      | Noticed Edmund
  4863 | D:6      | Killed Edmund
  5842 | D:7      | Found an ornate altar of the Wu Jian Council.
  6312 | D:8      | Found a shimmering altar of Xom.
  6375 | D:8      | Reached skill level 10 in Unarmed Combat
  6536 | D:8      | Found a shattered altar of Ashenzari.
  6893 | D:8      | Reached XP level 10. HP: 93/107 MP: 9/9
  6960 | D:8      | Found a snail-covered altar of Cheibriados.
  7416 | D:9      | Noticed a gargoyle
  7430 | D:9      | Killed a gargoyle
  7832 | D:9      | Noticed a two-headed ogre
  7982 | D:9      | Killed a two-headed ogre
  7982 | D:9      | Reached skill level 11 in Unarmed Combat
  8266 | D:9      | Found a blossoming altar of Fedhas.
  8436 | D:9      | Noticed a three-headed hydra
  8501 | D:9      | Found a white marble altar of Elyvilon.
  8794 | D:9      | Found a shimmering blue altar of Sif Muna.
  8798 | D:9      | Found a sparkling altar of Nemelex Xobeh.
  8988 | D:10     | Entered Level 10 of the Dungeon
  9066 | D:10     | Reached XP level 11. HP: 106/119 MP: 10/10
  9807 | D:10     | Reached skill level 5 in Armour
 10012 | D:11     | Found a staircase to the Lair.
 10012 | D:11     | Noticed a death yak
 10078 | D:10     | Killed a death yak
 10078 | D:10     | Reached skill level 12 in Unarmed Combat
 10440 | D:11     | Noticed a red ugly thing
 10444 | D:11     | Noticed a two-headed ogre
 10450 | D:11     | Killed a red ugly thing
 10462 | D:11     | Killed a two-headed ogre
 10539 | D:11     | Noticed a cyan ugly thing
 10551 | D:11     | Killed a cyan ugly thing
 10878 | D:11     | Noticed a green ugly thing
 10878 | D:11     | Noticed a rakshasa
 10928 | D:11     | Killed a rakshasa
 11125 | D:11     | Noticed Gastronok
 11127 | D:11     | Killed a green ugly thing
 11127 | D:11     | Reached skill level 1 in Shields
 11127 | D:11     | Reached skill level 13 in Unarmed Combat
 11127 | D:11     | Reached XP level 12. HP: 115/130 MP: 11/11
 11148 | D:11     | Killed Gastronok
 11148 | D:11     | Reached ****** piety under Uskayaw
 11161 | D:11     | Noticed a centaur warrior
 11175 | D:11     | Killed a centaur warrior
 11380 | D:11     | Noticed Erica
 11386 | D:11     | Killed Erica
 11559 | D:11     | Found a staircase to the Orcish Mines.
 11659 | Lair:1   | Entered Level 1 of the Lair of Beasts
 11816 | Lair:1   | Noticed Joseph
 11825 | Lair:1   | Killed Joseph
 12776 | Lair:2   | Reached skill level 14 in Unarmed Combat
 13167 | Lair:3   | Noticed a four-headed hydra
 13497 | Lair:3   | Reached XP level 13. HP: 139/144 MP: 12/12
 14431 | Lair:4   | Found a staircase to the Shoals.
 15260 | Lair:5   | Found a runed translucent door.
 15313 | Lair:5   | Found a viscous altar of Jiyva.
 15313 | Lair:5   | Found a staircase to the Slime Pits.
 15313 | Lair:5   | Noticed an azure jelly
 15313 | Lair:5   | Noticed an azure jelly
 15484 | Lair:6   | Entered Level 6 of the Lair of Beasts
 15823 | Lair:6   | Reached skill level 5 in Shields
 15832 | Lair:6   | Reached skill level 15 in Unarmed Combat
 16686 | Lair:6   | Reached XP level 14. HP: 155/155 MP: 13/13
 16699 | Lair:6   | Reached skill level 10 in Fighting
 17039 | Lair:6   | Noticed Nessos
 17054 | Lair:6   | Killed Nessos
 18711 | Orc:1    | Entered Level 1 of the Orcish Mines
 18712 | Orc:1    | Noticed Sonja
 18834 | Orc:1    | Killed Sonja
 18992 | Orc:1    | Reached skill level 16 in Unarmed Combat
 19589 | Orc:2    | Entered Level 2 of the Orcish Mines
 19816 | Orc:2    | Paralysed by an orc sorcerer for 2 turns
 19862 | Orc:2    | Found a staircase to the Elven Halls.
 20663 | Orc:2    | Found Ylatt's General Store.
 20663 | Orc:2    | Found Peyr Toate's General Store.
 20664 | Orc:2    | Found Seirerchi's Antique Weapon Emporium.
 20667 | Orc:2    | Found Balirgh's Antique Armour Shoppe.
 21972 | Lair:1   | HP: 3/158 [16-headed hydra (7)]
 23492 | D:13     | Reached XP level 15. HP: 144/167 MP: 14/14
 23599 | D:13     | Found a roughly hewn altar of Beogh.
 23918 | D:13     | You fall into a shaft and drop 1 floor!
 24057 | D:13     | Reached skill level 17 in Unarmed Combat
 25903 | D:14     | Found a gate to the Vaults.
 26060 | D:14     | Found a runed translucent gate.
 26060 | D:14     | Found a runed translucent gate.
 26067 | D:14     | Noticed Bvern's ghost (journeyman DEWz)
 26068 | D:14     | Found a runed translucent gate.
 26349 | D:15     | Entered Level 15 of the Dungeon
 26363 | D:15     | Reached skill level 10 in Armour
 26402 | D:15     | Found a staircase to the Depths.
 26955 | D:15     | Noticed Agnes
 26968 | D:15     | Killed Agnes
 27396 | D:15     | Found a stormy altar of Qazlal.
 28135 | Shoals:1 | Entered Level 1 of the Shoals
 28450 | Shoals:1 | Reached XP level 16. HP: 172/179 MP: 15/15
 28464 | Shoals:1 | Reached skill level 18 in Unarmed Combat
 29071 | Shoals:2 | Noticed Polyphemus
 29073 | Shoals:2 | Noticed Ilsuiw
 29527 | Shoals:2 | Noticed Aizul
 29548 | Shoals:2 | Killed Aizul
 29695 | Shoals:2 | Killed Ilsuiw
 29961 | Shoals:2 | Killed Polyphemus
 30407 | Shoals:3 | Found Hakevoqa's Book Emporium.
 31030 | Shoals:4 | Entered Level 4 of the Shoals
 32368 | Shoals:4 | HP: 7/181 [merfolk impaler/+0 trident (9)]
 32382 | Shoals:4 | Killed from afar by a merfolk aquamancer

Illustrated notes

Levels and vault maps discovered:
D:1:      minmay_arrival_four_loops, layout_loops_ring, minmay_pentomino_w2
D:2:      layout_loops_corners
D:3:      layout_basic, old_standard_altar, lemuel_crystal_altar,
          lemuel_doored_altar, hex_tiny, minivault_4, supply_closet_lemuel
D:4:      layout_cave_pools, grunt_temple_overflow_holy_war, old_standard_altar,
          uniq_grinder
D:5:      layout_basic, grunt_dithmenos_smoke, minmay_temple_entry_nine_rooms,
          serial_shops, kennysheep_mini, cheibrodos_sewer_entry_sluice,
          first_ration, uniq_ijyb, uniq_duvessa
D:6:      layout_layer_cave, serial_shops, shop, uniq_maggie, uniq_edmund
D:7:      layout_cave_pods, nicolae_overflow_crystal_walls,
          kennysheep_generic_room_14
D:8:      layout_loops_corners, slow_altar_1, marbit_many_paths,
          lemuel_coloured_pillars_altar
D:9:      layout_cave_pools, minmay_overflow_temple_star_quad, basic_altar,
          hangedman_ranch [blue_anna_fruit_fields],
          chequers_serial_rivers_small_b
D:10:     layout_roguey
D:11:     minmay_the_grid_octo_triangle [minmay_the_grid_octo_pinwheel,
          minmay_the_grid_octo_prize_square_snowflake,
          minmay_the_grid_octo_fat_diamond], layout_basic, david_lair_generic,
          erik_orc_2, serial_undead, serial_undead_d, serial_undead_c,
          serial_undead_c, serial_undead_c, serial_undead_c, uniq_erica,
          uniq_gastronok
D:12:     minmay_bloctagon_deflated, layout_layer_cave
D:13:     layout_roguey, grunt_ministairs_14, david_defended_altar_orc
D:14:     layout_loops_ring, grunt_vaults_entry_fortified,
          nicolae_lava_and_water, gammafunk_ghost_hydra_chop, dk_noncrumbling_4,
          minmay_misc_feat_iff, minmay_crystal_water, kennysheep_small_circle
D:15:     gammafunk_depths_entry_grave, layout_rooms, serial_aquarium,
          aquarium_bridge_square [aquarium_subvault_bridge,
          aquarium_subvault_wall, aquarium_subvault_bridge,
          aquarium_subvault_wall], aquarium_bridge_square
          [aquarium_subvault_bridge, aquarium_subvault_balcony,
          aquarium_subvault_wall, aquarium_subvault_wall], aquarium_window_fake,
          aquarium_window_2, aquarium_window_corridor_3, aquarium_window_2,
          aquarium_view_2f, aquarium_balcony_3a, minmay_misc_feat_doors,
          nicolae_qazlal_general_emergency, uniq_agnes
Lair:1:   layout_chaotic_city, uniq_joseph
Lair:2:   layout_chaotic_city
Lair:3:   layout_loops_ring, grunt_forest_large_clearings, lemuel_fruit_fields,
          infiniplex_staircase_pool, serial_bayou_shore_b
Lair:4:   layout_roguey, minmay_shoals_entry_beasts,
          minmay_snake_entry_six_corridors, special_room [special_room_bee],
          columned_hall_lemuel, pf_torpor_hydra
Lair:5:   layout_gridlike, slime_altar_2, gauntlet_entry_generic,
          grunt_megastairs_5
Lair:6:   minmay_lair_end_frog_pond, layout_big_grid, minivault_24, uniq_nessos
Shoals:1: layout_shoals
Shoals:2: layout_shoals, uniq_ilsuiw, uniq_polyphemus, uniq_aizul
Shoals:3: layout_shoals, serial_shops, nicolae_shop_crystal
Shoals:4: shoals_end_simple, layout_shoals, shoals_ilsuiw_ice, serial_shops,
          nicolae_shop_temple_entry_statues_fountains
Orc:1:    layout_caves, uniq_sonja
Orc:2:    st_orc_mages, layout_caves, nicolae_volcano_entry_hallway

Skill      XL: |  1  2  3  4  5  6  7  8  9 10 11 12 13 14 15 16 |
---------------+-------------------------------------------------+-----
Unarmed Combat | 4 5 6 7 9 10 11 13 14 15 16 17 18 | 18.6
Fighting       | 3 4 5 6 7 8 9 10 11 12 | 12.0
Dodging        | 3 4 5 6 7 8 |  8.0
Armour         | 1 3 4 6 7 8 9 10 | 10.9
Shields        | 1 3 5 7 8 9 |  9.3
Stealth        | |  1.0

Action                   |  1- 3 |  4- 6 |  7- 9 | 10-12 | 13-15 | 16-18 || total
-------------------------+-------+-------+-------+-------+-------+-------++-------
Melee: Unarmed           |   113 |   144 |   302 |   723 |  1416 |   329 ||  3027
       Punch             |       |     4 |    14 |    34 |       |       ||    52
Evoke: Wand              |       |       |       |     3 |     3 |       ||     6
  Use: Scroll            |     6 |     3 |     4 |     6 |    21 |    10 ||    50
       Potion            |       |       |    10 |       |     4 |     3 ||    17
 Stab: Sleeping          |     4 |     5 |     4 |     3 |     4 |     1 ||    21
       Paralysed         |       |     3 |    12 |    46 |    82 |    12 ||   155
       Distracted        |       |       |     1 |     1 |     1 |       ||     3
  Eat: Chunk             |    16 |    14 |    38 |    61 |   124 |    42 ||   295
       Ration            |       |       |       |       |     1 |       ||     1
Armor: Robe              |    34 |    54 |    32 |       |       |       ||   120
       Steam dragon scal |       |       |    40 |   271 |   337 |    75 ||   723
Dodge: Dodged            |    52 |    69 |   127 |   396 |   619 |   155 ||  1418
Block: Other             |       |       |    39 |   129 |       |       ||   168
       Reflection        |       |       |       |     8 |    30 |    15 ||    53
       Kite shield       |       |       |       |   109 |  1138 |   228 ||  1475

Table legend:
 A = Non-vault XP
 B = Vault XP
 C = Vault XP percentage of total XP
 D = Non-vault monster count
 E = Vault monster count
 F = Vault count percentage of total count
                 A         B        C        D         E       F
            +---------+---------+-------+---------+---------+-------
      Total |  111237 |   79892 |  41.8 |     655 |     262 |  28.6
            +---------+---------+-------+---------+---------+-------
        D:1 |      43 |       2 |   4.4 |      20 |       1 |   4.8
        D:2 |     119 |       0 |   0.0 |      23 |       0 |   0.0
        D:3 |     332 |       0 |   0.0 |      45 |       0 |   0.0
        D:4 |     326 |     281 |  46.3 |      14 |       1 |   6.7
        D:5 |     561 |     249 |  30.7 |      24 |       5 |  17.2
        D:6 |    1141 |     562 |  33.0 |      13 |       2 |  13.3
        D:7 |     586 |      32 |   5.2 |      22 |       1 |   4.3
        D:8 |    2021 |     152 |   7.0 |      40 |       2 |   4.8
        D:9 |    2843 |    1209 |  29.8 |      36 |       7 |  16.3
       D:10 |    2755 |    1608 |  36.9 |      42 |       4 |   8.7
       D:11 |    3545 |   10963 |  75.6 |      31 |      44 |  58.7
       D:12 |    5415 |    1849 |  25.5 |      37 |       4 |   9.8
       D:13 |   14047 |    1176 |   7.7 |      46 |       5 |   9.8
       D:14 |    6930 |    7994 |  53.6 |      28 |      13 |  31.7
       D:15 |   10218 |    6658 |  39.5 |      20 |       9 |  31.0
     Lair:1 |    2993 |     434 |  12.7 |      11 |       1 |   8.3
     Lair:2 |    1786 |       0 |   0.0 |       9 |       0 |   0.0
     Lair:3 |    2281 |    3138 |  57.9 |      12 |      21 |  63.6
     Lair:4 |    3115 |    3658 |  54.0 |      15 |      27 |  64.3
     Lair:5 |    8088 |    3480 |  30.1 |      23 |      14 |  37.8
     Lair:6 |    6885 |   10152 |  59.6 |      24 |      36 |  60.0
   Shoals:1 |    9318 |       0 |   0.0 |      16 |       0 |   0.0
   Shoals:2 |    7417 |   10538 |  58.7 |      17 |      10 |  37.0
   Shoals:3 |    3012 |       0 |   0.0 |       6 |       0 |   0.0
   Shoals:4 |    4768 |    9197 |  65.9 |      11 |      13 |  54.2
      Orc:1 |    5358 |    1974 |  26.9 |      35 |       6 |  14.6
      Orc:2 |    5334 |    4586 |  46.2 |      35 |      36 |  50.7
            +---------+---------+-------+---------+---------+-------
